 Dungeon Crawl Stone Soup version 0.19-a0-459-gb8ed64d (webtiles) character file.

899 Kidiri the Magician (level 7, 0/38 HPs)
             Began as a Deep Elf Fire Elementalist on June 2, 2016.
             Was an Initiate of Vehumet.
             Slain by an iron imp (9 damage)
             ... on level 5 of the Dungeon.
             The game lasted 00:15:03 (5538 turns).

Kidiri the Magician (Deep Elf Fire Elementalist)    Turns: 5538, Time: 00:15:04

Health: 0/38       AC:  5    Str:  5    XL:     7   Next: 79%
Magic:  18/18      EV: 21    Int: 22    God:    Vehumet [......]
Gold:   187        SH:  0    Dex: 20    Spells: 6 memorised, 0 levels left

rFire  . . .     SeeInvis .     y - +3 dagger
rCold  + . .     Gourm    .     a - +0 robe
rNeg   . . .     Faith    .     (no shield)
rPois  .         Spirit   .     (helmet restricted)
rElec  .         Dismiss  .     x - +0 cloak
rCorr  .         Reflect  .     o - +0 pair of gloves
SustAt .         Harm     .     (no boots)
MR     .....     Rnd*Tele +     l - amulet of magic regeneration
Stlth  +++.......               m - ring of protection from cold
                                k - +1 ring of protection

@: agile, not resistant to hostile enchantments, fairly stealthy
A: horns 1, repulsion field 1, teleportitis 1
a: Renounce Religion


You were on level 5 of the Dungeon.
You worshipped Vehumet.
Vehumet was noncommittal.
You were not hungry.

You visited 2 branches of the dungeon, and saw 6 of its levels.

You collected 187 gold pieces.

Inventory:

Hand Weapons
 y - a +3 dagger (weapon)
Armour
 a - a +0 robe (worn)
 f - a +0 shield
 o - a +0 pair of gloves (worn)
 u - a +0 helmet
 v - a +0 storm dragon armour
 x - a +0 cloak (worn)
 D - a +0 leather armour of cold resistance
Jewellery
 k - a +1 ring of protection (left hand)
 l - an amulet of magic regeneration (around neck)
 m - a ring of protection from cold (right hand)
 q - an uncursed amulet of the gourmand
Wands
 t - a wand of random effects (48/48)
Scrolls
 n - 2 scrolls of teleportation
 z - 3 scrolls of remove curse
Potions
 d - a potion of curing {unknown}
 e - a potion of cancellation
 g - a potion of cure mutation {unknown}
 p - a potion of agility
 A - 2 potions of brilliance {unknown}
Books
 b - a book of Flames

   Spells                             Type                      Level
   a - Flame Tongue                   Conjuration/Fire             1
   b - Throw Flame                    Conjuration/Fire             2
   c - Conjure Flame                  Conjuration/Fire             3
   d - Inner Flame                    Hexes/Fire                   3
   e - Sticky Flame                   Conjuration/Fire             4
   f - Fireball                       Conjuration/Fire             5
Comestibles
 c - 3 bread rations
 h - 3 chunks of flesh
 i - a slice of pizza
 r - a beef jerky
 F - 2 meat rations


   Skills:
 + Level 1.0 Fighting
 + Level 1.3 Short Blades
 + Level 1.7 Armour
 + Level 3.2 Dodging
 - Level 2.4 Stealth
 + Level 1.2 Shields
 * Level 6.4 Spellcasting
 * Level 4.3 Conjurations
 * Level 6.0 Fire Magic
 + Level 1.5 Evocations


You couldn't memorise any spells.
You knew the following spells:

 Your Spells              Type           Power        Failure   Level  Hunger
a - Flame Tongue          Conj/Fire      ####.        1%          1    None
b - Throw Flame           Conj/Fire      ####..       1%          2    None
c - Conjure Flame         Conj/Fire      ####....     3%          3    #......
d - Inner Flame           Hex/Fire       ###.....     10%         3    #......
e - Sticky Flame          Conj/Fire      ####....     12%         4    ###....
f - Fireball              Conj/Fire      ####......   34%         5    #####..


Dungeon Overview and Level Annotations

Branches:
Dungeon (5/15)             Temple (1/1) D:4

Altars:
Ashenzari
Cheibriados
Hepliaklqana
Makhleb
Okawaru
Qazlal
Ru
Sif Muna
Vehumet
Xom
Yredelemnul
Zin
The Shining One


Innate Abilities, Weirdness & Mutations

You have a pair of small horns on your head.
You are surrounded by a mild repulsion field. (EV +2)
You are occasionally teleported next to monsters.


Message History

You headbutt the iron imp, but do no damage.
The iron imp is severely wounded.
The iron imp misses you.
You hit the iron imp but do no damage.
The iron imp is severely wounded.
You hit the iron imp.
The iron imp is almost dead.
The iron imp hits you!
* * * LOW HITPOINT WARNING * * *
You barely miss the iron imp.
You headbutt the iron imp, but do no damage.
The iron imp is almost dead.
The iron imp hits you.
* * * LOW HITPOINT WARNING * * *
You hit the iron imp.
You kill the iron imp!
Vehumet accepts your kill.
You closely miss the iron imp. The iron imp completely misses you.
You hit the iron imp but do no damage. The iron imp hits you!
You die...

#..##.....##
##.(........#
#...###......
##.#.# ####...
#..#.#### #...
#.##..........
###....######...
#####...##.#
#... #.5@....#
.# ##.#
#.####### #. #.#
#. #.# #.# #.#
#5#############
#....5.5...§..#
#.........≈§§.#


You could see an iron imp.

Vanquished Creatures
  Menkaure (D:5)
  A black bear (D:3)
  An ogre (D:5)
  A centaur (D:5)
  A crimson imp (D:5)
  A hound (D:4)
  A giant frog skeleton (D:4)
  A centaur skeleton (D:5)
  2 iron imps (D:5)
  An iguana (D:3)
  2 worker ants (D:4)
  Natasha (thrice) (D:2)
  Robin (D:2)
  7 adders
  An adder skeleton (D:4)
  4 worms
  4 dart slugs
  2 giant geckos (D:2)
  6 orcs
  3 ball pythons
  8 bats
  3 giant cockroaches
  14 hobgoblins
  3 jackals (D:2)
  2 quokkas
  5 giant newts
  20 goblins
  4 kobolds
  8 rats
111 creatures vanquished.

Notes
Turn   | Place    | Note
--------------------------------------------------------------
     0 | D:1      | Kidiri the Deep Elf Fire Elementalist began the quest for the Orb.
     0 | D:1      | Reached XP level 1. HP: 10/10 MP: 6/6
   294 | D:1      | Reached XP level 2. HP: 15/15 MP: 1/8
   328 | D:1      | Learned a level 2 spell: Throw Flame
   867 | D:1      | Reached XP level 3. HP: 19/19 MP: 7/10
   872 | D:1      | Learned a level 3 spell: Conjure Flame
   876 | D:1      | Learned a level 3 spell: Inner Flame
  1387 | D:2      | Noticed Natasha
  1392 | D:2      | Killed Natasha
  1392 | D:2      | Reached XP level 4. HP: 18/24 MP: 9/12
  1587 | D:2      | Noticed Natasha
  1590 | D:2      | Killed Natasha
  2019 | D:2      | Noticed Robin
  2025 | D:2      | Killed Robin
  2028 | D:2      | Reached XP level 5. HP: 20/28 MP: 2/14
  2036 | D:2      | Learned a level 4 spell: Sticky Flame
  2280 | D:2      | Noticed Natasha
  2283 | D:2      | Killed Natasha
  2283 | D:2      | Reached skill level 5 in Spellcasting
  2747 | D:3      | Noticed a black bear
  2765 | D:3      | Killed a black bear
  2765 | D:3      | Reached skill level 5 in Fire Magic
  2765 | D:3      | Reached XP level 6. HP: 26/32 MP: 1/16
  3889 | D:4      | Reached skill level 1 in Armour
  4346 | D:4      | Found a staircase to the Ecumenical Temple.
  4363 | Temple   | Entered the Ecumenical Temple
  4519 | Temple   | Became a worshipper of Vehumet
  4923 | D:4      | Gained mutation: You are surrounded by a mild repulsion field. (EV +2) [potion of mutation]
  4923 | D:4      | Gained mutation: You have a pair of small horns on your head. [potion of mutation]
  4923 | D:4      | Gained mutation: You are occasionally teleported next to monsters. [potion of mutation]
  4946 | D:5      | Entered Level 5 of the Dungeon
  5034 | D:5      | Reached XP level 7. HP: 7/37 MP: 5/18
  5380 | D:5      | Reached skill level 1 in Shields
  5387 | D:5      | Reached skill level 1 in Fighting
  5387 | D:5      | Reached skill level 1 in Evocations
  5439 | D:5      | Learned a level 5 spell: Fireball
  5451 | D:5      | Found an iron altar of Okawaru.
  5478 | D:5      | Found a burning altar of Makhleb.
  5484 | D:5      | Noticed Menkaure
  5491 | D:5      | Killed Menkaure
  5491 | D:5      | Reached skill level 1 in Short Blades
  5538 | D:5      | Slain by an iron imp

Vault maps used:
D:1:      minmay_arrival_arboretum_large, minmay_distorted
D:2:      minmay_crystal_water, uniq_natasha, uniq_robin
D:3:      first_bread
D:4:      temple_statues
D:5:      demons_altar, kiku_gazebo_pond_becter, kennysheep_mini, st_stairs_1,
          minmay_misc_feat_doors, hangedman_abyss_or_decor_stagger,
          uniq_menkaure, uniq_duvessa
Temple:   bh_familiar_temple

Skill      XL: |  1  2  3  4  5  6  7 |
---------------+----------------------+-----
Conjurations   | 2 3 4 |  4.3
Spellcasting   | 4 5 6 |  6.4
Fire Magic     | 4 5 6 |  6.0
Armour         | 1 |  1.7
Shields        | 1 |  1.2
Fighting       | 1 |  1.0
Evocations     | 1 |  1.5
Short Blades   | 1 |  1.3
Dodging        | 3 |  3.2
Stealth        | |  2.4

Action                   |  1- 3 |  4- 6 |  7- 9 || total
-------------------------+-------+-------+-------++-------
Melee: Club              |     2 |       |       ||     2
       Short sword       |     3 |     3 |       ||     6
       Dagger            |       |     2 |    70 ||    72
       Headbutt          |       |       |    13 ||    13
 Cast: Flame Tongue      |    47 |    99 |     7 ||   153
       Throw Flame       |    10 |    40 |       ||    50
       Conjure Flame     |       |     1 |       ||     1
       Sticky Flame      |       |     2 |     1 ||     3
  Use: Scroll            |       |    11 |     1 ||    12
       Potion            |       |     1 |     1 ||     2
 Stab: Sleeping          |     1 |     3 |       ||     4
  Eat: Chunk             |     2 |    10 |     3 ||    15
Armor: Robe              |     6 |    11 |     4 ||    21
Dodge: Dodged            |    19 |    20 |    48 ||    87
